 Dungeon Crawl Stone Soup version 0.18.1-8-gdd0e5ea (webtiles) character file.

79 George the Firebug (level 4, 0/24 HPs)
             Began as a Deep Elf Fire Elementalist on May 25, 2016.
             Slain by Grinder (6 damage)
             ... on level 2 of the Dungeon.
             The game lasted 00:04:04 (1948 turns).

George the Firebug (Deep Elf Fire Elementalist)     Turns: 1948, Time: 00:04:05

Health: 0/24       AC:  2    Str:  5    XL:     4   Next: 16%
Magic:  4/10       EV: 13    Int: 21    God:
Gold:   54         SH:  0    Dex: 15    Spells: 1 memorised, 8 levels left

rFire  . . .     SeeInvis .     d - +2 dagger (venom)
rCold  . . .     Gourm    .     a - +0 robe
rNeg   . . .     Faith    .     (no shield)
rPois  .         Spirit   .     (no helmet)
rElec  .         Dismiss  .     (no cloak)
rCorr  .         Reflect  .     (no gloves)
SustAt .         Harm     .     (no boots)
MR     .....                    (no amulet)
Stlth  ++........               (no ring)
                                i - ring of flight

@: not resistant to hostile enchantments, unstealthy
A: no striking features
a: Evoke Flight


You were on level 2 of the Dungeon.
You were hungry.

You visited 1 branch of the dungeon, and saw 3 of its levels.

You collected 54 gold pieces.

Inventory:

Hand Weapons
 d - a +2 dagger of venom (weapon)
Armour
 a - a +0 robe (worn)
Jewellery
 i - a ring of flight (left hand)
Scrolls
 j - a scroll of enchant weapon {unknown}
 l - a scroll of blinking {unknown}
 o - a scroll of enchant armour {unknown}
 p - a scroll of identify {unknown}
Potions
 h - 3 potions of curing {unknown}
Books
 b - a book of Flames

   Spells                             Type                      Level
   a - Flame Tongue                   Conjuration/Fire             1
   b - Throw Flame                    Conjuration/Fire             2
   c - Conjure Flame                  Conjuration/Fire             3
   d - Inner Flame                    Hexes/Fire                   3
   e - Sticky Flame                   Conjuration/Fire             4
   f - Fireball                       Conjuration/Fire             5
Comestibles
 c - a bread ration
 f - a meat ration
 g - 6 fruits
 m - 2 beef jerkies
 n - a slice of pizza


   Skills:
 - Level 2.4 Dodging
 - Level 2.4 Stealth
 - Level 3.0 Spellcasting
 + Level 3.2 Conjurations
 + Level 4.4 Fire Magic


You had 8 spell levels left.
You knew the following spells:

 Your Spells              Type           Power        Failure   Level  Hunger
a - Flame Tongue          Conj/Fire      ###..        2%          1    None


Dungeon Overview and Level Annotations

Branches:
Dungeon (3/15)

Altars:

Annotations:
D:2 Grinder


Message History

Aim: Grinder (heavily wounded, unusually strong)
The flame tongue hits Grinder.
Grinder is heavily wounded.
Grinder hits you.
* * * LOW HITPOINT WARNING * * *
Casting: Flame Tongue
Confirm with . or Enter, or press ? or * to list all spells.
Aiming: Flame Tongue
Press: ? - help, Shift-Dir - straight line, f/p - Grinder
Aim: Grinder (heavily wounded, unusually strong)
The flame tongue misses Grinder.
Grinder barely misses you.
Casting: Flame Tongue
Confirm with . or Enter, or press ? or * to list all spells.
Aiming: Flame Tongue
Press: ? - help, Shift-Dir - straight line, f/p - Grinder
Aim: Grinder (heavily wounded, unusually strong)
The flame tongue hits Grinder.
Grinder is severely wounded.
Grinder hits you.
You die...

...#.# #.# #.#
##(#.#### ####.#####.#
).......###..........#
.#.####.##......####.#
.#.........#..#......#
.#########......####.#
.# ##.##.## #.# .#
#.#..5####.# .#
#.<...@....# .#
###..(###### .# ##.##
## #.# #.# #.#
##############.#
...............#
################


You could see Grinder.

Vanquished Creatures
  3 adders (D:2)
  A dart slug (D:1)
  2 giant geckos (D:1)
  3 ball pythons
  4 giant cockroaches
  6 goblins
  6 hobgoblins
  7 kobolds
  7 bats
  3 giant newts
  4 rats
46 creatures vanquished.

Notes
Turn   | Place    | Note
--------------------------------------------------------------
     0 | D:1      | George the Deep Elf Fire Elementalist began the quest for the Orb.
     0 | D:1      | Reached XP level 1. HP: 10/10 MP: 6/6
   215 | D:1      | Reached XP level 2. HP: 12/15 MP: 4/8
   994 | D:1      | Reached skill level 4 in Fire Magic
   994 | D:1      | Reached XP level 3. HP: 19/19 MP: 6/9
  1776 | D:2      | Reached XP level 4. HP: 24/24 MP: 6/10
  1933 | D:3      | Noticed Grinder
  1939 | D:3      | Paralysed by Grinder for 4 turns
  1948 | D:2      | Slain by Grinder

Skill      XL: |  1  2  3 |
---------------+----------+-----
Conjurations   | 2 3 |  3.2
Fire Magic     | 4 |  4.4
Dodging        | |  2.4
Stealth        | |  2.4
Spellcasting   | |  3.0

Action                   |  1- 3 |  4- 6 || total
-------------------------+-------+-------++-------
 Cast: Flame Tongue      |    70 |    11 ||    81
  Eat: Chunk             |     2 |       ||     2
Armor: Robe              |     5 |     3 ||     8
Dodge: Dodged            |    17 |     8 ||    25
